 Dungeon Crawl Stone Soup version 0.17.1-1-g73c8601 (webtiles) character file.

379 Gargoyl the Skirmisher (level 6, 0/49 HPs)
             Began as a Demonspawn Abyssal Knight on Dec 24, 2015.
             Was a Priest of Lugonu.
             Slain by Gargoyl's ghost (6 damage)
             ... on level 3 of the Dungeon.
             The game lasted 00:08:10 (3639 turns).

Gargoyl the Skirmisher (Demonspawn Abyssal Knight)  Turns: 3639, Time: 00:08:10

Health: 0/49       AC:  6    Str: 15    XL:     6   Next: 45%
Magic:  8/8        EV: 10    Int: 13    God:    Lugonu [***...]
Gold:   129        SH:  0    Dex: 14    Spells: 0 memorised, 5 levels left

rFire  . . .     SeeInvis .     a - +1 hand axe
rCold  . . .     Clarity  .     f - +0 scale mail
rNeg   . . .     SustAt   .     (no shield)
rPois  +         Gourm    .     (no helmet)
rElec  .         Spirit   .     (no cloak)
rCorr  .         Warding  .     (no gloves)
rMut   .         Stasis   .     (no boots)
MR     .....                    (no amulet)
Stlth  ..........               j - +2 ring of protection
                                b - ring of poison resistance

@: not resistant to hostile enchantments, extremely unstealthy
A: icy blue scales 1, agile 1, deformed body, demonic guardian 1, foul stench 1,
rot immunity
a: Depart the Abyss, Bend Space, Banish, Renounce Religion


You were on level 3 of the Dungeon.
You worshipped Lugonu.
Lugonu was most pleased with you.
You were not hungry.

You visited 1 branch of the dungeon, and saw 3 of its levels.
You visited the Abyss 1 time.

You collected 129 gold pieces.

Inventory:

Hand Weapons
 a - a +1 hand axe (weapon)
Missiles
 e - 4 tomahawks (quivered)
Armour
 f - a +0 scale mail (worn)
Jewellery
 b - a ring of poison resistance (left hand)
 j - a +2 ring of protection (right hand)
Scrolls
 g - a scroll of teleportation
Potions
 h - 2 potions of agility
 i - a potion of might {unknown}
 k - a potion of brilliance
Comestibles
 c - a meat ration


   Skills:
 + Level 4.6 Fighting
 + Level 3.2 Axes
 + Level 1.2 Throwing
 + Level 3.3 Armour
 + Level 2.4 Dodging
 + Level 0.2 Stealth
 + Level 2.8 Invocations


You had 5 spell levels left.
You didn't know any spells.

Dungeon Overview and Level Annotations

Branches:
Dungeon (3/15)

Altars:
Makhleb
Xom
Zin

Annotations:
D:3 Gargoyl's ghost, amateur DsAK; Natasha


Innate Abilities, Weirdness & Mutations

You are partially covered in icy blue scales (AC +1).
A weak demonic guardian rushes to your aid.
You may emit foul miasma when damaged in melee.
You are immune to rotting.
You are agile. (Dex +2)
Armour fits poorly on your strangely shaped body.


Message History

Unknown command.
You hit Gargoyl's ghost but do no damage.
Gargoyl's ghost is heavily damaged.
Gargoyl's ghost hits you.
You closely miss Gargoyl's ghost.
Gargoyl's ghost is heavily damaged.
Gargoyl's ghost hits you but does no damage.
Unknown command.
You closely miss Gargoyl's ghost.
Gargoyl's ghost is heavily damaged.
Gargoyl's ghost laughs, "And you think you're capable of finding the ORB?
I had it, you know.
Then I gave it away so I could steal it AGAIN."
Gargoyl's ghost hits you.
* * * LOW HITPOINT WARNING * * *
Your crimson imp blinks!
You hit Gargoyl's ghost.
Gargoyl's ghost is heavily damaged.
Gargoyl's ghost hits you!
* * * LOW HITPOINT WARNING * * *
Gargoyl's ghost hits you.
You die...

#.. #.. #.#
#5# ## ###.#
..# #...#
...#
#...##..##.
#
#..ยง#......
# #..@W.# .
#..)### W.
##.[....# ..
#..###....
........
#...
..........#
##..
..........#
#<..
...........
..#.
#........#
.....
#.........


You could see Gargoyl's ghost and a friendly crimson imp.

Vanquished Creatures
  Grinder (D:3)
  Natasha (twice) (D:3)
  3 adders
  3 gnolls
  3 worms (D:2)
  7 giant geckos
  9 bats
  4 giant cockroaches
  5 hobgoblins (D:2)
  14 jackals
  7 kobolds
  A ball python (D:2)
  4 giant newts
  8 goblins
  A jackal skeleton (D:3)
  5 rats
77 creatures vanquished.

Vanquished Creatures (collateral kills)
  4 gnolls
  An adder (D:2)
  A goblin (D:3)
  3 jackals (D:3)
  A rat (D:3)
10 creatures vanquished.

Grand Total: 87 creatures vanquished

Notes
Turn   | Place    | Note
--------------------------------------------------------------
     0 | Abyss:1  | Gargoyl the Demonspawn Abyssal Knight began the quest for the Orb.
     0 | Abyss:1  | Reached XP level 1. HP: 18/18 MP: 2/2
    19 | Abyss:1  | Found a corrupted altar of Lugonu.
    57 | Abyss:1  | Found an ancient bone altar of Kikubaaqudgha.
    95 | Abyss:1  | Noticed a sky beast
    96 | D:1      | Escaped the Abyss
   375 | D:1      | Gained mutation: You are immune to rotting. [demonic ancestry]
   375 | D:1      | Reached XP level 2. HP: 21/24 MP: 3/3
   387 | D:1      | Reached skill level 1 in Dodging
   412 | D:1      | Reached * piety under Lugonu
  1071 | D:2      | Gained mutation: A weak demonic guardian rushes to your aid. [demonic ancestry]
  1071 | D:2      | Reached XP level 3. HP: 22/29 MP: 5/5
  1493 | D:2      | Found a glowing silver altar of Zin.
  1718 | D:2      | Found a burning altar of Makhleb.
  1718 | D:2      | Found a shimmering altar of Xom.
  1791 | D:2      | Gained mutation: You may emit foul miasma when damaged in melee. [demonic ancestry]
  1791 | D:2      | Reached XP level 4. HP: 9/37 MP: 6/6
  2167 | D:2      | Reached ** piety under Lugonu
  2461 | D:3      | Noticed Natasha
  2465 | D:3      | Killed Natasha
  2465 | D:3      | Reached skill level 4 in Fighting
  2574 | D:3      | Noticed Natasha
  2584 | D:3      | Gained mutation: You are agile. (Dex +2) [potion of mutation]
  2584 | D:3      | Gained mutation: Armour fits poorly on your strangely shaped body. [potion of mutation]
  2584 | D:3      | Killed Natasha
  2584 | D:3      | Gained mutation: You are partially covered in icy blue scales (AC +1). [demonic ancestry]
  2584 | D:3      | Reached XP level 5. HP: 4/42 MP: 7/7
  2602 | D:3      | Noticed Natasha
  2602 | D:3      | Noticed Gargoyl's ghost (amateur DsAK)
  2608 | D:3      | Noticed Grinder
  3237 | D:3      | Killed Grinder
  3237 | D:3      | Reached skill level 1 in Throwing
  3237 | D:3      | Reached XP level 6. HP: 29/49 MP: 8/8
  3314 | D:2      | Reached *** piety under Lugonu
  3639 | D:3      | Slain by Gargoyl's ghost

Action                   |  1- 3 |  4- 6 || total
-------------------------+-------+-------++-------
Melee: Hand axe          |   121 |   140 ||   261
Throw: Tomahawk          |       |    12 ||    12
Invok: Depart the Abyss  |     1 |       ||     1
  Use: Scroll            |       |     4 ||     4
       Potion            |       |     4 ||     4
  Eat: Chunk             |     2 |     3 ||     5
       Bread ration      |     1 |       ||     1
